[Event "Chinese League Div-A Rapid 2022"]
[Site "Fuling,Chongqing"]
[Date "2022.09.06"]
[Round "1.23"]
[White "Zhang, Pengxiang"]
[Black "Wang, Hao B"]
[Result "0-1"]
[ECO "B90"]
[WhiteElo "2564"]
[BlackElo "2165"]
[Annotator "TA"]
[PlyCount "66"]
[EventDate "2022.09.07"]
[EventType "team-tourn"]
[EventCountry "CHN"]
[SourceTitle "playchess.com"]
[Source "ChessBase"]
[SourceQuality "1"]
[TimeControl "1500+10"]

1. e4 c5 2. Nf3 d6 3. d4 cxd4 4. Nxd4 Nf6 5. Nc3 a6 6. h3 Nc6 7. Bc4 {[%emt 0:01:47] B90: Sicilian Najdorf: Unusual White 6th moves, 6 Be3 Ng4 and 6 Be3 e5.} e6 8. Bb3 Be7 9. Be3 {[%emt 0:00:01] The position is equal.} O-O 10. g4 {[%emt 0:02:02][%cal Bg2g4,Bg4g5][%mdl 32] [#]} Bd7 $146 (10... Nxd4 $11 11. Qxd4 Nd7) ({Predecessor:} 10... d5 11. exd5 Nxd5 12. Nxd5 exd5 13. Nxc6 bxc6 14. Qd2 a5 15. Ba4 Qc7 16. O-O-O Rd8 {0-1 (49) Chandler,P (2232)-Hirneise,J (2280) Germany 2013}) 11. g5 $14 Ne8 12. h4 Nxd4 13. Qxd4 Bc6 (13... b5 $14) 14. f4 e5 15. fxe5 ({White should try} 15. Qd2 $16) 15... dxe5 16. Qxe5 Bd6 $1 17. Qf5 ({Better is} 17. Qd4 $14) 17... Bg3+ $11 18. Bf2 Nd6 {[%emt 0:00:05] Chess con chili.} 19. Qg4 {[%emt 0:00:22] [#]} Nxe4 20. Nxe4 Bxe4 21. O-O ({Don't blunder} 21. Qxe4 $2 Re8 22. Bxf7+ Kxf7 $19) 21... Bxf2+ 22. Rxf2 Bc6 (22... Qd4 $2 23. Re1 Rae8 24. c3 $18) 23. Raf1 Qb6 24. Kh2 {[%emt 0:00:55] [#]} Rad8 (24... Bd5 $1 $11) 25. Rxf7 Rxf7 26. Rxf7 $40 {[%emt 0:00:18][%cal Of7f8][%mdl 128] Threatening mate with Rf8+! White attacks.} Bd5 $1 27. Bxd5 {[%emt 0:03:16][%cal Og4f4] White threatens Qf4! and mate.} Qd6+ 28. Qf4 Qxd5 29. Rc7 (29. Re7 $14) 29... b5 {[%emt 0:01:55] Strongly threatening ...Re8.} 30. c4 $2 {[%emt 0:01:07][%mdl 8192] [#] White does not recover from this.} (30. Re7 $11) 30... Qe6 $1 $19 {[%emt 0:00:20] Black is clearly winning.} 31. Kg3 Qe1+ 32. Kg4 Qe2+ 33. Qf3 Rd4+ {[%emt 0:00:07] Weighted Error Value: White=0.52/Black=0.13 (very precise)} 0-1

[Event "Chinese League Div-A Rapid 2022"]
[Site "Fuling,Chongqing"]
[Date "2022.09.06"]
[Round "1.24"]
[White "Shao, Qiyu"]
[Black "Zhang, Lanlin"]
[Result "0-1"]
[ECO "D34"]
[WhiteElo "1467"]
[BlackElo "2135"]
[Annotator "RC"]
[PlyCount "124"]
[EventDate "2022.09.07"]
[EventType "team-tourn"]
[EventCountry "CHN"]
[SourceTitle "playchess.com"]
[Source "ChessBase"]
[SourceQuality "1"]
[TimeControl "1500+10"]

1. c4 Nf6 2. g3 e6 3. Bg2 d5 4. Nf3 Be7 5. O-O c5 6. cxd5 exd5 7. d4 cxd4 8. Nxd4 O-O 9. Nc3 Nc6 10. Bg5 h6 11. Bf4 Qb6 12. Nb3 Be6 13. Be3 Qd8 14. Rc1 Rc8 15. Qd2 Ne5 16. Nxd5 Bxd5 17. Rxc8 Qxc8 18. Bxd5 Rd8 19. Bxf7+ Nxf7 20. Qa5 a6 21. Rc1 Qh3 22. f3 Qe6 23. Kf2 Ne5 24. Bd4 Nc6 25. Qc3 Nxd4 26. Nxd4 Qb6 27. e3 Nd5 28. Qc4 Qxb2+ 29. Rc2 Qb4 30. Qxb4 Nxb4 31. Rc7 Bf6 32. Rxb7 Bxd4 33. Rxb4 Bf6 34. Ra4 Rd6 35. g4 Bc3 36. Rc4 Ba5 37. Kg3 Rd2 38. Ra4 Bc7+ 39. f4 a5 40. h4 Rd3 41. Kf3 Bb6 42. Ke4 Rxe3+ 43. Kf5 Kf7 44. h5 Rc3 45. g5 hxg5 46. fxg5 Rc5+ 47. Kg4 Bd8 48. g6+ Kf8 49. Rf4+ Bf6 50. h6 Rg5+ 51. Kf3 Rxg6 52. hxg7+ Kxg7 53. Rc4 Bd8 54. Rd4 Bb6 55. Rd7+ Kf6 56. Kf4 Ke6 57. Rd1 Rg2 58. a3 Ra2 59. Rc1 Kd5 60. Rd1+ Bd4 61. Rd3 Kc4 62. Ke4 Re2+ 0-1

[Event "Chinese League Div-A Rapid 2022"]
[Site "Fuling,Chongqing"]
[Date "2022.09.06"]
[Round "1.25"]
[White "Sun, Fanghui"]
[Black "Zhang, Xiaowen"]
[Result "1/2-1/2"]
[ECO "C14"]
[WhiteElo "2182"]
[BlackElo "2307"]
[Annotator "TA"]
[PlyCount "74"]
[EventDate "2022.09.07"]
[EventType "team-tourn"]
[EventCountry "CHN"]
[SourceTitle "playchess.com"]
[Source "ChessBase"]
[SourceQuality "1"]
[TimeControl "1500+10"]

1. e4 e6 2. d4 d5 3. Nc3 Nf6 4. Bg5 Be7 5. e5 Nfd7 6. Bxe7 Qxe7 7. f4 a6 8. Nf3 c5 9. Qd2 Nc6 10. dxc5 Nxc5 11. O-O-O b5 12. Bd3 b4 {[%emt 0:00:53] C14: French: Classical System: 4 Bg5 Be7 main line.} 13. Ne2 a5 14. Kb1 O-O {[%emt 0:01:04] Black is slightly better.} 15. Ned4 (15. Qe3 $5 Nxd3 16. cxd3 $11) 15... Nxd4 16. Nxd4 Ba6 17. Rhe1 f5 {[%emt 0:04:40] [#]} 18. g4 $146 ({Predecessor:} 18. exf6 Qxf6 19. Bxa6 Rxa6 20. g3 Rb8 21. f5 exf5 22. Qf4 Rf8 23. Re5 g6 24. Rxd5 {1-0 (34) Nagy,B (2391)-Fur,K (1947) Balatonalmadi 2010}) 18... fxg4 19. Rg1 a4 20. Rxg4 {[%emt 0:00:27] Hoping for Rdg1.} b3 21. Rdg1 bxa2+ (21... Bxd3 $11 22. Rxg7+ Qxg7 23. Rxg7+ Kxg7 24. cxd3 Kh8) 22. Kxa2 $16 Rf7 {[%emt 0:00:09] [#]} (22... Bxd3 $16 23. Rxg7+ Qxg7 24. Rxg7+ Kxg7) 23. Qe3 $2 (23. f5 $1 $18 {[%cal Rf5f6] Threatens to win with f6.} Bxd3 24. f6 (24. cxd3 Nb3 $11) 24... Bc4+ 25. Kb1) 23... Bxd3 $17 24. cxd3 Nb3 {[%emt 0:00:16][%cal Oa4a3] And now ...a3! would win.} 25. Nb5 {[%emt 0:01:22] Prevents a3.} Qb4 ({Better is} 25... g6 $15) 26. Na3 $2 (26. f5 $1 $11 {and White stays safe.} Qxb5 27. Qh6) 26... Rb8 $2 (26... Nd4 $19 {aiming for ...Rc8.} 27. Rc1 Nf5) 27. f5 $1 $11 {[%emt 0:00:17] The position is equal.} d4 28. Qh6 {[%emt 0:01:09][%cal Rg4g7] Dancing on a razor blade.} Kh8 (28... Nc1+ $2 29. Qxc1 exf5 30. R4g2 $18) 29. Rxg7 Nc1+ $1 {[%emt 0:00:01][%mdl 64] [#] Discovered Attack} 30. Qxc1 Rxg7 31. Rxg7 {[%emt 0:00:04] Intending f6 and mate.} Qb3+ 32. Ka1 {[%emt 0:00:03] White wants to mate with f6.} Kxg7 33. Qg5+ Kh8 34. Qf6+ Kg8 35. Qg5+ Kh8 36. Qf6+ Kg8 37. Qg5+ Kh8 {[%emt 0:00:37] Weighted Error Value: White=0.34/Black=0.27 (precise)} 1/2-1/2

[Event "Chinese League Div-A Rapid 2022"]
[Site "Fuling,Chongqing"]
[Date "2022.09.06"]
[Round "1.26"]
[White "Bai, Jinshi"]
[Black "Bu, Xiangzhi"]
[Result "1/2-1/2"]
[ECO "D38"]
[WhiteElo "2586"]
[BlackElo "2709"]
[Annotator "TA"]
[PlyCount "78"]
[EventDate "2022.09.07"]
[EventType "team-tourn"]
[EventCountry "CHN"]
[SourceTitle "playchess.com"]
[Source "ChessBase"]
[SourceQuality "1"]
[TimeControl "1500+10"]

1. d4 Nf6 2. c4 e6 3. Nf3 d5 4. Nc3 Bb4 5. Bg5 h6 6. Bxf6 Qxf6 7. e3 O-O 8. Rc1 dxc4 9. Bxc4 c5 {[%emt 0:00:02] D38: Queen's Gambit Declined: Ragozin Defence (4 Nf3 Bb4).} 10. Qb3 Nc6 11. dxc5 $1 Qe7 {[%emt 0:00:21] White has an edge.} 12. O-O Bxc5 13. Rfd1 Rd8 14. Rxd8+ Qxd8 {[%emt 0:00:03] [#]} 15. Rd1 $146 ({Predecessor:} 15. Be2 Be7 16. Rd1 Qc7 17. Nb5 Qb6 18. Nd2 Na5 19. Nc4 Nxb3 20. Nxb6 axb6 21. axb3 Ra2 22. Nd6 {½-½ (22) Kogan,B (2289)-Grebenshchikov,A (2321) ICCF email 2015}) 15... Qc7 16. Nb5 Qe7 17. Qd3 a6 18. Nd6 Bxd6 19. Qxd6 Qxd6 20. Rd2 {[%emt 0:00:03][%mdl 8192] [#]} (20. Rxd6 $11 Kf8 21. h3) 20... Qd5 21. Rxd5 (21. Bxd5 $142 exd5 22. Kf1) 21... Kf8 $2 (21... exd5 $19 22. Bxd5 Nb4) 22. Rd2 $11 Ke7 23. Nd4 Nxd4 24. Rxd4 {[%emt 0:00:07][%mdl 4096] Endgame KRB-KRB} Bd7 25. Be2 Rc8 26. Rc4 {[%emt 0:00:03] Against Rc2} Bc6 27. f3 Rd8 {[%emt 0:00:20] [#] ...Rd2 is the strong threat.} 28. Rc2 {[%emt 0:00:15] Prevents Rd2.} Rd6 29. Kf2 f5 30. Ke1 Kd7 31. h4 g5 32. hxg5 hxg5 33. g4 Ke7 34. Rd2 Rxd2 35. Kxd2 Kf6 36. f4 {[%emt 0:00:07] The position is equal.} gxf4 37. exf4 fxg4 38. Bxg4 e5 39. fxe5+ Kxe5 {[%emt 0:00:01] Weighted Error Value: White=0.41/Black=0.36} 1/2-1/2

[Event "Chinese League Div-A Rapid 2022"]
[Site "Fuling,Chongqing"]
[Date "2022.09.06"]
[Round "1.27"]
[White "Ma, Qun"]
[Black "Zeng, Chongsheng"]
[Result "1/2-1/2"]
[ECO "D38"]
[WhiteElo "2666"]
[BlackElo "2597"]
[Annotator "TA"]
[PlyCount "40"]
[EventDate "2022.09.07"]
[EventType "team-tourn"]
[EventCountry "CHN"]
[SourceTitle "playchess.com"]
[Source "ChessBase"]
[SourceQuality "1"]
[TimeControl "1500+10"]

1. d4 Nf6 2. c4 e6 3. Nf3 d5 4. Nc3 Bb4 5. Bg5 h6 6. Bxf6 Qxf6 7. Qa4+ Nc6 8. e3 O-O {[%emt 0:00:07] D38: Queen's Gambit Declined: Ragozin Defence (4 Nf3 Bb4).} 9. Rc1 Rd8 10. Be2 dxc4 {[%emt 0:00:08] The position is equal.} 11. Qb5 {[%emt 0:00:07] [#]} e5 $146 ({Predecessor:} 11... Qe7 12. Bxc4 Na5 13. a3 Bd7 14. Qxb4 Qxb4 15. axb4 Nxc4 16. b3 Nd6 17. Ne5 a5 18. bxa5 Rxa5 {0-1 (35) Mamedyarov,S (2782)-Aronian,L (2782) chess24.com INT 2021}) 12. dxe5 ({Not} 12. Nxe5 a6 13. Qxc4 Be6 $17) 12... Bxc3+ 13. bxc3 (13. Rxc3 $5 Qg6 14. O-O $11) 13... Qe7 14. O-O a6 15. Qxc4 Nxe5 16. Qe4 Nxf3+ 17. Bxf3 Qxe4 18. Bxe4 Kf8 19. Rfd1 Rxd1+ 20. Rxd1 Ke7 {[%emt 0:00:00] Against Rd8.  Weighted Error Value: White=0.07 (flawless) /Black=0.06 (flawless)} 1/2-1/2

[Event "Chinese League Div-A Rapid 2022"]
[Site "Fuling,Chongqing"]
[Date "2022.09.06"]
[Round "1.28"]
[White "Xu, Zhihang"]
[Black "Liu, Yan"]
[Result "1/2-1/2"]
[ECO "E06"]
[WhiteElo "2489"]
[BlackElo "2530"]
[Annotator "TA"]
[PlyCount "66"]
[EventDate "2022.09.07"]
[EventType "team-tourn"]
[EventCountry "CHN"]
[SourceTitle "playchess.com"]
[Source "ChessBase"]
[SourceQuality "1"]
[TimeControl "1500+10"]

1. d4 Nf6 2. c4 e6 3. Nf3 b6 4. g3 Bb4+ 5. Bd2 Be7 6. Bg2 c6 7. Nc3 d5 8. Bf4 O-O 9. O-O Bb7 {[%emt 0:03:28] E06: Closed Catalan: Early deviations.} 10. Ne5 dxc4 11. Nxc4 Nd5 {[%emt 0:00:07] White has an edge.} 12. Rc1 Nxf4 13. gxf4 Nd7 14. e3 Qc7 15. Qb3 (15. Qh5 {seems wilder.} Ba6 16. Ne4 Nf6 17. Nxf6+ Bxf6 18. Rfd1) 15... Rac8 16. a4 Qb8 17. Rfd1 Rfd8 {[%emt 0:00:20] [#]} 18. Qc2 $146 ({Predecessor:} 18. a5 Bf8 19. axb6 axb6 20. Nxb6 Ba6 21. Ra1 Bc4 22. Qxc4 Nxb6 23. Qe2 c5 24. dxc5 Bxc5 {½-½ (56) Batsiashvili,N (2425)-Swati,G (2242) Chennai 2013}) 18... Nf6 19. Ne5 c5 20. dxc5 Bxg2 21. Kxg2 Bxc5 22. Rxd8+ Rxd8 23. Qe2 Qb7+ 24. Qf3 Qxf3+ 25. Kxf3 a6 26. b4 Bxb4 27. Nc6 Ba3 28. Rb1 $1 Rd3 29. Rb4 $2 {[%mdl 8192] [#]} b5 $2 (29... Bxb4 $19 30. Ne2 Bc5) 30. Rxb5 $2 Nd7 $2 (30... axb5 $19 31. Nxb5 Bc5) 31. Rb3 $11 {The position is equal.} Bf8 32. Ke2 Nc5 33. Rb8 {[#] White threatens Ne7+ and mate.} f5 {[%emt 0:00:50] Weighted Error Value: White=0.58/Black=0.54} 1/2-1/2

[Event "Chinese League Div-A Rapid 2022"]
[Site "Fuling,Chongqing"]
[Date "2022.09.06"]
[Round "1.29"]
[White "Wang, Chuqiao"]
[Black "Hou, Yifan"]
[Result "0-1"]
[ECO "A50"]
[WhiteElo "2037"]
[BlackElo "2650"]
[Annotator "TA"]
[PlyCount "110"]
[EventDate "2022.09.07"]
[EventType "team-tourn"]
[EventCountry "CHN"]
[SourceTitle "playchess.com"]
[Source "ChessBase"]
[SourceQuality "1"]
[TimeControl "1500+10"]

1. d4 Nf6 2. c4 b6 3. Nc3 Bb7 4. f3 d5 5. cxd5 Nxd5 6. e4 Nxc3 7. bxc3 e6 8. Be3 {[%emt 0:01:03] A50: Queen's Fianchetto Defence (1 d4 Nf6 2 c4 b6).} Be7 9. Bc4 O-O 10. Ne2 {[%emt 0:01:09] The position is equal.} Nc6 11. O-O Na5 12. Bd3 c5 13. Rc1 Qd7 14. Qd2 Rac8 15. Qb2 {[%emt 0:01:55] [#]} h6 $146 ({Predecessor:} 15... Rfd8 16. Rfd1 Qe8 17. Qb1 h6 18. Bb5 Qf8 19. Rf1 a6 20. Bd3 b5 21. f4 cxd4 22. cxd4 {0-1 (52) Sakalauskas,V (2388)-Vedrickas,T (2344) Vilnius 2014}) 16. Rfd1 Bg5 17. Bxg5 hxg5 18. Qd2 Qe7 19. e5 Nc6 20. Be4 Rc7 21. Qe3 Na5 (21... Rfc8 $11) 22. Bxb7 $16 Rxb7 23. d5 (23. Ng3 $16) 23... exd5 $11 24. Rxd5 Re8 25. f4 (25. Ng3 $11 {keeps the balance.} Nc4 26. Qe4 Nxe5 27. Nf5 (27. Rxe5 $2 Qxe5 28. Rd1 Qxe4 $19)) 25... gxf4 ({Better is} 25... Rd7 $1 26. Rxd7 Qxd7) 26. Qxf4 (26. Qe4 $142) 26... Rd7 $1 $17 27. Rxd7 Qxd7 28. Ng3 Nc6 29. Re1 Qd5 30. Nf5 Rxe5 (30... Nxe5 $19 31. Rf1 Qd7) 31. Rf1 {[%emt 0:00:11] Against Nf3} (31. Rxe5 $17 {keeps fighting.} Qxe5 32. Qxe5 Nxe5 33. Kf2) 31... Ne7 $19 ({Inferior is} 31... Qxa2 32. Qg4 g6 33. Nh6+ Kh7 34. Nxf7 $11) 32. Nxe7+ Rxe7 {[%emt 0:00:01][%mdl 4096] Endgame KQR-KQR} 33. h3 (33. Qb8+ {was called for.} Kh7 34. Qg3) 33... Qe5 (33... Qxa2 $19 34. c4 Qe2) 34. Qh4 Qe4 35. Qf2 Qe3 36. Rd1 g6 (36... Qxc3 $2 37. Rd8+ Kh7 38. Qh4+ Kg6 39. Qxe7 $18) 37. c4 Kg7 38. Kf1 (38. a4 {was the only defense.}) 38... Qc3 39. Qf4 Re5 {[%emt 0:00:17] Threatens to win with ...Rf5.} 40. Kg1 Qe3+ 41. Qf2 Re4 42. Rd7 Qxf2+ 43. Kxf2 Rxc4 {[%emt 0:00:03] White must now prevent ...Rc2+.} 44. Rxa7 {[%emt 0:00:02] KR-KR} Rc2+ 45. Kf3 b5 46. a3 Ra2 (46... Rb2 $19 {has better winning chances.} 47. Rb7 Kf6) 47. Ra5 $17 Rb2 {[%emt 0:00:11] Black is more active.} 48. a4 bxa4 49. Rxc5 (49. Rxa4 $17 Rb3+ 50. Ke2) 49... a3 $19 50. Ra5 {[%emt 0:00:01] [#]} a2 (50... Ra2 $1 $19 {And now ...Ra1 would win.} 51. Ke4 Kh6) 51. h4 $2 {[%emt 0:00:24] [#] Loses the game.} (51. g4 $17) 51... f5 $1 52. Kf4 $2 (52. Ra6) 52... Rxg2 {[%emt 0:00:08] Black is clearly winning.} 53. Ra7+ Kh6 {[%emt 0:00:02] Strongly threatening ...Rg4+.} 54. Ra8 Rg4+ 55. Kf3 Rxh4 {[%emt 0:00:01] Weighted Error Value: White=0.56/Black=0.16 (very precise)} 0-1

[Event "Chinese League Div-A Rapid 2022"]
[Site "Fuling,Chongqing"]
[Date "2022.09.06"]
[Round "1.30"]
[White "Huang, Qian"]
[Black "Yan, Tianqi"]
[Result "1-0"]
[ECO "A08"]
[WhiteElo "2433"]
[BlackElo "2188"]
[Annotator "TA"]
[PlyCount "73"]
[EventDate "2022.09.07"]
[EventType "team-tourn"]
[EventCountry "CHN"]
[SourceTitle "playchess.com"]
[Source "ChessBase"]
[SourceQuality "1"]
[TimeControl "1500+10"]

1. Nf3 d5 2. g3 Nf6 3. Bg2 c5 4. O-O Nc6 5. d3 e5 6. e4 d4 7. Na3 {[%emt 0:00:49] A08: King's Indian Attack.} Qc7 {[%emt 0:02:48] [#]} 8. Nb5 $146 ({Predecessor:} 8. c3 Be7 9. cxd4 cxd4 10. Bd2 O-O 11. Rc1 Qb8 12. Nh4 g6 13. h3 Bd7 14. Bh6 Re8 {1-0 (42) Sulskis,S (2518)-Narva,M (2218) Parnu 2016}) 8... Qb8 9. a4 {[%emt 0:01:00] The position is equal.} Be7 10. Na3 O-O 11. Nc4 Be6 12. b3 Nd7 13. Ng5 Bxg5 (13... Bxc4 $5 14. bxc4 h6 $11) 14. Bxg5 Bxc4 15. bxc4 Qd6 16. Bd2 a5 17. f4 f6 18. Bh3 Rf7 19. Rf2 Nb4 20. Bg4 Re7 (20... exf4 $11 21. gxf4 (21. Bxf4 Ne5 $11) 21... Re7) 21. h4 (21. f5 $16) 21... Qc6 22. Bh3 Nb6 (22... Ra6 $14) 23. fxe5 $16 Rxe5 24. h5 Nxa4 {[%emt 0:01:02] [#]} (24... Rf8 $16 {was worth a try.}) 25. h6 (25. Qg4 $1 $18) 25... g6 26. Qf1 Rf8 27. Bf4 Ree8 {[%emt 0:00:42] [#]} 28. Rxa4 $1 Qxa4 29. Bd6 Qc6 (29... Nxc2 {gets mated.} 30. Rxf6 Rxf6 31. Qxf6 Qa1+ 32. Kh2) 30. Bxf8 (30. e5 $1 $11 f5 31. g4) 30... Rxf8 $17 31. e5 f5 32. g4 Qe8 {[%emt 0:00:48] Threatens to win with ...fxg4.} 33. gxf5 Qxe5 {[%emt 0:00:07] ...a4 is the strong threat.} 34. Qg2 Qe3 $2 ({Black should try} 34... Qe1+ $19 35. Kh2 Qe3) 35. fxg6 $2 (35. Qxb7 $15 Qg5+ 36. Kh2 Qxh6 37. f6) 35... Qxf2+ $4 (35... Qe1+ $19 36. Qf1 Qxf1+ 37. Kxf1 Rxf2+ 38. Kxf2 hxg6 39. Be6+ Kh7) 36. Qxf2 Rxf2 37. Be6+ {[%emt 0:00:02] Weighted Error Value: White=0.47/Black=0.50} 1-0

[Event "Chinese League Div-A Rapid 2022"]
[Site "Fuling,Chongqing"]
[Date "2022.09.07"]
[Round "2.1"]
[White "Bai, Jinshi"]
[Black "Xu, Yi"]
[Result "1-0"]
[ECO "E06"]
[WhiteElo "2586"]
[BlackElo "2507"]
[Annotator "TA"]
[PlyCount "81"]
[EventDate "2022.09.07"]
[EventType "team-tourn"]
[EventCountry "CHN"]
[SourceTitle "playchess.com"]
[Source "ChessBase"]
[SourceQuality "1"]
[TimeControl "1500+10"]

1. d4 Nf6 2. Nf3 d5 3. g3 e6 4. Bg2 Be7 5. c4 O-O 6. Qc2 c5 7. dxc5 Qa5+ 8. Nc3 dxc4 {[%emt 0:00:23] E06: Closed Catalan: Early deviations.} 9. O-O Nc6 {[%emt 0:00:25] 9...Qxc5 is the hot move.} 10. Ne4 $5 {[%emt 0:00:12][%mdl 4] A promising side line.} Nxe4 {[%emt 0:00:40] The position is equal.} 11. Qxe4 Qxc5 12. Be3 Qb5 13. Nd4 Nxd4 14. Bxd4 {[%emt 0:00:02] [#]} e5 $146 ({Predecessor:} 14... f5 15. Qe3 Bd7 16. Rfd1 Bf6 17. a4 Qb4 18. Bxf6 Rxf6 19. Rxd7 Qxb2 20. Rad1 Rc8 21. Rxb7 Qa2 22. Qxa7 {1-0 (22) Gomez,R (1904)-Fidel,R (2156) Mar del Plata 2009}) 15. a4 Qa6 16. Bxe5 ({Much weaker is} 16. Qxe5 $6 Bf6 17. Qf4 Bxd4 18. Qxd4 Be6 $11) 16... Re8 17. Bc3 Be6 18. Rfd1 b6 19. Qe5 $40 {[%emt 0:07:43][%csl Gc3][%cal Re5g7][%mdl 128] White wants a kill.} Bf6 {[%emt 0:00:14] [#]} 20. Qb5 {[%emt 0:00:02] White is much more active.} Qxb5 21. axb5 Rad8 22. Bc6 Rxd1+ 23. Rxd1 Bxc3 $4 {[%emt 0:02:01][%mdl 8192] Black cannot hold the game after this.} 24. Bxe8 $18 ({Weaker is} 24. bxc3 Rc8 $14) 24... Bxb2 $14 {[%emt 0:00:05][%mdl 4096] Endgame KRB-KB} 25. Bd7 c3 {[%emt 0:02:12] And now ...c2 would win.} 26. Bxe6 fxe6 $18 {[%emt 0:00:07] KR-KB} 27. Rd8+ Kf7 {[%emt 0:00:02] aiming for ...c2.} 28. Rc8 Ke7 29. Kf1 Kd7 {[%emt 0:00:38] [#]} 30. Rc4 Kd6 31. e4 g5 32. f3 h5 33. Ke2 g4 (33... h4 $142 34. Kd3 hxg3 35. hxg3 Bc1 36. Rxc3 Bb2) 34. f4 h4 35. gxh4 Bc1 36. Rxc3 Bxf4 37. h3 gxh3 38. Rxh3 Kc5 39. h5 Bh6 40. Rg3 Kxb5 41. Rg6 {[%emt 0:00:01][%csl LRe6,LRh6] Weighted Error Value: White=0.04 (flawless) /Black=0.65} 1-0

[Event "Chinese League Div-A Rapid 2022"]
[Site "Fuling,Chongqing"]
[Date "2022.09.07"]
[Round "2.2"]
[White "Ma, Qun"]
[Black "Lou, Yiping"]
[Result "1-0"]
[ECO "B48"]
[WhiteElo "2666"]
[BlackElo "2485"]
[Annotator "TA"]
[PlyCount "127"]
[EventDate "2022.09.07"]
[EventType "team-tourn"]
[EventCountry "CHN"]
[SourceTitle "playchess.com"]
[Source "ChessBase"]
[SourceQuality "1"]
[TimeControl "1500+10"]

1. e4 c5 2. Nf3 e6 3. d4 cxd4 4. Nxd4 Nc6 5. Nc3 Qc7 6. Be3 a6 7. g4 $1 {[%emt 0:00:02][%mdl 4] outshines the older 7.Qd2. B48: Sicilian: Taimanov: 5 Nc3 Qc7 6 Be3 a6 without Be2.} Nxd4 8. Qxd4 b5 9. O-O-O {[%emt 0:00:07] White is slightly better.} Bb7 10. f3 Rc8 11. Qd2 Bb4 {[%emt 0:02:43] [#]} 12. Bf4 $146 (12. Bd4 $5 Nf6 13. g5 $14) ({Predecessor:} 12. Bd4 f6 13. g5 h6 14. gxh6 Nxh6 15. a3 Bxa3 16. bxa3 e5 17. Nxb5 axb5 18. Bb2 {½-½ (54) Grandelius,N (2672)-Carlsen,M (2865) Wijk aan Zee 2022}) 12... Qc6 13. g5 f6 (13... Ba5 $11 14. a3 Bxc3 15. bxc3 d5) 14. Rg1 $1 $16 Ne7 15. gxf6 gxf6 16. Rg7 {[%emt 0:00:18] White is more active.} d5 $2 (16... Rg8 $16 {is a better defense.} 17. Rxh7 Ng6) 17. Rxe7+ $2 Kxe7 {[%emt 0:02:24] [#]} 18. Nxd5+ exd5 19. Qxb4+ Kf7 20. Bd3 Rhe8 (20... Qc5 $16 {keeps fighting.} 21. Qe1 dxe4 22. fxe4 (22. Bxe4 Bxe4 23. Qxe4 Rce8 $17) 22... Qh5) 21. Qe1 $1 $18 {[%emt 0:01:21] And now Qh4 would win.} dxe4 22. Qh4 $1 (22. Bxe4 Qe6 23. Rd6 Qe7 $17) 22... Kg8 (22... exd3 $2 23. Qxh7+ Ke6 24. Re1+ Kd5 25. Qxd3+ Kc5 26. Be3+ Rxe3 27. Qxe3+ Kb4 28. Qa3+ Kc4 29. Re4+ Qxe4 30. fxe4 $18) 23. fxe4 (23. Bxe4 $2 Rxe4 24. Qg4+ Kh8 $19) (23. Rg1+ Kh8 24. fxe4 (24. Bxe4 $2 Rxe4 25. c3 Re7 $19) (24. Qh6 Rg8 $11) 24... Qb6 $16) 23... Re7 {[%emt 0:02:51] Prevents e5.} (23... Qe6 24. e5 f5) 24. e5 Rd7 25. exf6 Qg2 {[%emt 0:01:08] Inhibits Rg1.} 26. Be5 $2 {[%emt 0:03:19] A strong pair of Bishops.} (26. Bg3 $18 {and White stays clearly on top. White threatens Qg4+ and mate.} Rf7 27. Bf5) 26... Bf3 {[%emt 0:00:44][%mdl 8192] [#] Against Qg4+} (26... Rxd3 $16 27. f7+ Kxf7 28. Qxh7+ Ke6 29. Qxd3 Kxe5) 27. Re1 $1 Qg4 {[%emt 0:00:01] [#]} (27... Rxd3 28. f7+ Kf8 29. Qh6+ Kxf7 30. Qf6+ Kg8 31. Qe6+ Kf8 32. Qxc8+ Kf7 33. Qf5+ Kg8 34. Qe6+ Kf8 35. Bd6+ Kg7 36. Qe7+ Kh6 37. Qh4+ Kg7 38. Re7+ Kg6 39. Re6+ Kg7 40. Qf6+ Kg8 41. Qf8#) 28. f7+ $2 {[%emt 0:00:51] Really sharp!} ({Weaker is} 28. Qxg4+ Bxg4 29. Bc3 h5 $14) (28. Qh6 $1 $18 Re8 29. h3) 28... Rxf7 $14 29. Qxg4+ Bxg4 30. Rg1 h5 31. h3 ({Better is} 31. Bg6 $14) 31... Rf3 $1 $11 {[%emt 0:00:06][%csl LRd3,LRh3] aiming for ...Rxd3.} 32. hxg4 Rxd3 $1 33. gxh5+ {[%emt 0:00:01][%mdl 4096] Endgame KRR-KRB} Kh7 34. Bg7 Rh3 {[%emt 0:00:18][%mdl 1024] ...Rg8 is the strong threat. Black has compensation.} 35. h6 Rh2 36. c3 Re8 37. Kb1 Ree2 38. c4 $1 bxc4 39. Rc1 Re4 40. a3 a5 (40... Reh4 $17 41. Ka2 Rh1) 41. Ka2 a4 42. Rd1 Rhe2 43. Rd8 Re8 44. Rd7 R8e7 45. Rd8 Re8 46. Rd5 Rc2 {[%emt 0:00:25] Threatens to win with ...Re1.} 47. Ra5 (47. Bc3 $11 {keeps the balance.}) 47... Rc1 $1 $17 48. Ra7 {[%emt 0:00:18] [#] Black must now prevent Bc3+.} Kg6 ({Black should play} 48... Re2 $1 $17 49. Rc7 (49. Be5+ $2 Kg6 $19) 49... Kg6 50. Rc6+ Kf7 51. Rc7+ Kg6 52. Rc6+ Kf7 53. Rc7+ Kg6) 49. Ra6+ Kh7 50. Bc3 {[%emt 0:00:05] Against Ree1} (50. Ra7 $1 $11 {and White has nothing to worry.}) 50... Rd8 $2 (50... Re2 $19 {( -> ...Rxc3)} 51. Ra7+ Kxh6) 51. Rxa4 $14 Kxh6 52. Rxc4 Kg6 {[%emt 0:00:09] Prevents Bg7.} 53. Rf4 Rb8 {[%emt 0:00:21] [#]} (53... Rdd1 $14) 54. a4 $1 $16 Rd1 55. a5 Rd5 (55... Kg5 $16 56. Rf7 Ra8) 56. Ka3 $18 Rc5 (56... Rf5 $142 57. Rg4+ Kf7) 57. Ka4 Kg5 58. Rb4 Ra8 (58... Rbc8 59. Rb5 Rxb5) 59. Rb5 Rxb5 60. Kxb5 {[%emt 0:00:01] White mates.} Kf5 61. a6 Ke6 62. Kb6 Kd7 63. a7 Rc8 64. Be5 {[%emt 0:00:08] Weighted Error Value: White=0.58/Black=0.53} 1-0